 Dungeon Crawl Stone Soup version 0.30-a0-782-ge64f9170bb (webtiles) character file.

Game seed: 18444309216420282767

29 senseless the Grave Robber (level 3, -3/24 HPs)
             Began as a Mummy Necromancer on Mar 2, 2023.
             Slain by an orc
             ... wielding a +0 club
              (5 damage)
             ... on level 2 of the Dungeon.
             The game lasted 00:02:43 (1134 turns).

senseless the Grave Robber (Mummy Necromancer)      Turns: 1134, Time: 00:02:43

Health: -3/24      AC:  2    Str: 17    XL:     3   Next: 1%
Magic:  1/7        EV: 12    Int: 16    God:
Gold:   76         SH:  0    Dex: 12    Spells: 7/8 levels left

rFire   x . .      SeeInvis .    e - +0 short sword
rCold   + . .      Faith    +    (no shield)
rNeg    + + +      Spirit   .    a - +0 robe
rPois   ∞          Reflect  .    (no helmet)
rElec   .          Harm     .    (no cloak)
rCorr   .          Rampage  .    (no gloves)
Will    .....                    (no boots)
Stlth   ++                       (no amulet)
HPRegen 0.24/turn                d - +6 ring of strength
MPRegen 0.10/turn                (no ring)

@: no status effects
A: cold resistance 1, negative energy resistance 3, torment resistance 2, heat
vulnerability 1, in touch with death 1, no potions, faith
a: no special abilities


You were on level 2 of the Dungeon.
You visited 1 branch of the dungeon, and saw 2 of its levels.

You collected 76 gold pieces.

Inventory:

Hand Weapons
 e - a +0 short sword (weapon)
Armour
 a - a +0 robe (worn)
Jewellery
 d - a +6 ring of strength (left hand)
Scrolls
 b - a scroll of noise {unknown}
 c - a scroll of enchant weapon {unknown}


   Skills:
 + Level 1.7 Dodging
 + Level 1.6 Stealth
 + Level 3.4 Spellcasting
 + Level 4.5 Necromancy


You had 7 spell levels left.
You knew the following spells:

 Your Spells              Type           Power      Damage    Failure   Level
a - Necrotise             Necr           100%       1d9       2%          1

Your spell library contained the following spells:

 Spells                   Type           Power      Damage    Failure   Level
 Vampiric Draining        Necr           25%        2d7       9%          3
 Sting                    Tmut/Pois      8%         1d3       19%         1
 Poisonous Vapours        Pois/Air       4%         N/A       26%         2
 Animate Dead             Necr           25%        N/A       28%         4
 Agony                    Necr           25%        N/A       61%         5
 Animate Armour           Summ/Erth      4%         N/A       87%         4
 Olgreb's Toxic Radiance  Pois           2%         N/A       87%         4
 Iron Shot                Conj/Erth      1%         9d1       100%        6
 Blade Hands              Tmut           Unusable   N/A       N/A         5

Dungeon Overview and Level Annotations

Branches:
Dungeon (2/15)

Altars:


Innate Abilities, Weirdness & Mutations

You are immune to poison.
Your flesh is cold resistant. (rC+)
You are immune to negative energy. (rN+++)
You are immune to unholy pain and torment.
You are vulnerable to heat. (rF-)
You are in touch with the powers of death.
You do not drink.
You have a special connection with the divine. (Faith)


Message History

The orc writhes in agony.
An orc comes into view. It is wielding a +0 mace.
The orc writhes in agony.
The orc shouts!
An orc comes into view. It is wielding a +0 dagger.
The orc barely resists.
The orc hits you with a +0 morningstar.
The orc writhes in agony.
You kill the orc!
The dead are walking!
An orc comes into view. It is wielding a +0 mace.
The orc closely misses you.
You have reached level 3!
Your experience leads to an increase in your attributes!
Your base attributes are Str 11, Int 14, Dex 12.
Increase (S)trength, (I)ntelligence, or (D)exterity?
You feel clever. x2
You feel more in touch with the powers of death.
The orc attacks as you move away! The orc hits you with a +0 club.
Your orc skeleton barely misses the orc.
The orc hits your orc skeleton with a +0 club.
Your magical contamination has completely faded away.
Your orc skeleton hits the orc but does no damage.
The orc hits your orc skeleton with a +0 club.
Your orc skeleton is destroyed!
The orc throws a boomerang.
The boomerang hits you.
The orc shouts!
The orc hits you with a +0 club. The orc hits you with a +0 dagger.
The orc hits you with a +0 mace!
* * * LOW HITPOINT WARNING * * *
The orc attacks as you move away! The orc closely misses you.
The orc attacks as you move away! The orc hits you with a +0 mace.
* * * LOW HITPOINT WARNING * * *
The orc attacks as you move away! The orc barely misses you.
The orc attacks as you move away! The orc closely misses you. x2
The orc attacks as you move away! The orc completely misses you.
An endoplasm and a hobgoblin come into view.
The orc attacks as you move away! The orc hits you but does no damage.
The orc throws a boomerang.
The boomerang barely misses you. The orc attacks as you move away!
The orc hits you with a +0 club.
You die...

#.#+ ##.......### #.#.#
###.....# #..
#####...###.......# #..
........#.........# #..
.......>.$........####..
...............)....[...
........oo....#.........
........oo..............
..g....@.###............
.........#..........)...
.....J...#.........#####
.........#.........#....
.....^...#####.....#....
.......... ........#....
.......... ........#....
........................
.............


You could see 4 orcs, an endoplasm (wandering) and a hobgoblin (asleep).

Vanquished Creatures
  A dart slug (D:1)
  An orc (D:2)
  4 bats (D:1)
  2 endoplasms (D:1)
  A goblin (D:2)
  3 hobgoblins (D:1)
  2 quokkas (D:1)
  2 frilled lizards (D:1)
  3 kobolds (D:1)
  3 rats
22 creatures vanquished.

Vanquished Creatures (collateral kills)
  A hobgoblin (D:1)
1 creature vanquished.

Grand Total: 23 creatures vanquished

Notes
Turn   | Place    | Note
-------+----------+-------------------------------------------
     0 | D:1      | senseless the Mummy Necromancer began the quest for the
                  | Orb.
     0 | D:1      | Reached XP level 1. HP: 13/13 MP: 4/4
   124 | D:1      | Reached XP level 2. HP: 19/19 MP: 0/5
  1121 | D:2      | Gained mutation: You are in touch with the powers of death.
                  | [Mummy growth]
  1121 | D:2      | Reached XP level 3. HP: 18/24 MP: 0/7
  1129 | D:2      | HP: 1/24 [orc/+0 mace (3)]
  1134 | D:2      | Slain by an orc

Illustrated notes

Levels and vault maps discovered:
D:1:      matt_arrival_spirals, layout_loops_ring
D:2:      layout_basic, basic_altar

Skill      XL: |  1  2 |
---------------+-------+-----
Spellcasting   | 3 |  3.4
Dodging        | |  1.7
Stealth        | |  1.6
Necromancy     | |  4.5

Action                     || total
---------------------------++-------
  Melee: Unarmed           ||     8
   Cast: Necrotise         ||    47
    Use: Scroll            ||     2
 Armour: Robe              ||     8
  Dodge: Dodged            ||    20

Table legend: (Time is in decaauts)
 A = Elapsed time spent in this place.
 B = Non-inter-level travel time spent in this place.
 C = Inter-level travel time spent in this place.
 D = Time resting spent in this place.
 E = Time spent auto-exploring this place.
 F = Levels seen in this place.
 G = Mean time per level.
                   A        B        C        D        E       F      G
               +--------+--------+--------+--------+--------+-----+--------+
         Total |   1132 |   1102 |     30 |      0 |    974 |   2 |  566.0 |
       Dungeon |   1132 |   1102 |     30 |      0 |    974 |   2 |  566.0 |
               +--------+--------+--------+--------+--------+-----+--------+

Top non-repeatable levels by time:
     D:1: 1043 daAuts
     D:2: 89 daAuts
